 Dungeon Crawl Stone Soup version 0.30-a0-339-g89bb51ec76 (webtiles) character file.

Game seed: 6104309824635324876

144 Muataran the Chopper (level 5, 0/47 HPs)
             Began as a Hill Orc Monk on Oct 31, 2022.
             Slain by an orc
             ... wielding a +0 flail
              (2 damage)
             ... on level 3 of the Dungeon.
             The game lasted 00:04:23 (2617 turns).

Muataran the Chopper (Hill Orc Monk)                Turns: 2617, Time: 00:04:24

Health: 0/47       AC:  6    Str: 16    XL:     5   Next: 26%
Magic:  5/5        EV: 10    Int: 10    God:
Gold:   124        SH:  0    Dex: 13    Spells: 4/4 levels left

rFire   . . .      SeeInvis .    a - +0 hand axe
rCold   . . .      Faith    .    (no shield)
rNeg    . . .      Spirit   .    j - +0 scale mail
rPois   .          Reflect  .    (no helmet)
rElec   .          Harm     .    (no cloak)
rCorr   .          Rampage  .    (no gloves)
Will    .....                    (no boots)
Stlth   ..........               (no amulet)
HPRegen 0.27/turn                (no ring)
MPRegen 0.09/turn                (no ring)

@: no status effects
A: no striking features
a: no special abilities


You were on level 3 of the Dungeon.
You visited 1 branch of the dungeon, and saw 3 of its levels.

You collected 124 gold pieces.

Inventory:

Hand Weapons
 a - a +0 hand axe (weapon)
Armour
 b - a +0 robe
 j - a +0 scale mail (worn)
Jewellery
 l - a ring of fire
Scrolls
 d - 3 scrolls of identify {unknown}
 e - 2 scrolls of enchant weapon {unknown}
 g - a scroll of fear {unknown}
 i - 2 scrolls of immolation {unknown}
 m - a scroll of noise {unknown}
 o - a scroll of teleportation {unknown}
Potions
 c - 2 potions of attraction {unknown}
 f - 2 potions of cancellation {unknown}
 h - a potion of invisibility {unknown}
 k - a potion of mutation {unknown}
 n - a potion of resistance {unknown}


   Skills:
 + Level 4.9 Fighting
 * Level 6.7 Axes
 - Level 2.4 Dodging
 - Level 1.5 Stealth


You had 4 spell levels left.
You didn't know any spells.
Your spell library was empty.

Dungeon Overview and Level Annotations

Branches:
Dungeon (3/15)

Altars:


Message History

You barely miss the orc. The orc closely misses you.
You hit the orc but do no damage. The orc hits you but does no damage.
You hit the orc.
The orc is heavily wounded.
The orc hits you with a +0 short sword.
You hit the orc.
You kill the orc!
You hit the orc but do no damage. The orc hits you with a +0 flail.
* * * LOW HITPOINT WARNING * * *
You barely miss the orc. The orc completely misses you.
You closely miss the orc. You slash the orc!
You kill the orc!
You closely miss the hobgoblin. The hobgoblin hits you.
* * * LOW HITPOINT WARNING * * *
You closely miss the hobgoblin.
The hobgoblin hits you but does no damage.
You hit the hobgoblin.
You kill the hobgoblin!
You hit the orc.
The orc is lightly wounded.
The orc hits you with a +0 flail!
* * * LOW HITPOINT WARNING * * *
You barely miss the orc.
The orc is lightly wounded.
The orc hits you with a +0 flail.
* * * LOW HITPOINT WARNING * * *
You hit the orc but do no damage.
The orc is lightly wounded.
You hit the orc.
The orc is severely wounded.
The orc closely misses you.
Unknown command.
You hit the orc but do no damage.
The orc is severely wounded.
The orc closely misses you.
You completely miss the orc.
The orc is severely wounded.
The orc hits you with a +0 flail.
You die...

....>........................####
###..>.....######.##.#####.#.....
..#.######## #†##.# #......#
.##.# .. #.##.# ##......# .##.#
... #.#... .......... .##.# ....
#.#########...... .##.# .....
#........##.....# .##.#
......#########.##.....# ....#
#......@o.#.....##.....# #####
.....####.......##.....# ###
#....#.##.###.....# #.......#.#
#.....# ####o####.# #######
#...)$....# # #.##.###### # # #.#
# ... #


You could see an orc.

Vanquished Creatures
  Terence (D:2)
  4 adders
  2 worms (D:2)
  2 orcs (D:3)
  10 ball pythons
  5 bats
  9 endoplasms
  4 giant cockroaches
  5 goblins
  8 hobgoblins
  5 kobolds
  4 quokkas
  4 frilled lizards
  7 rats
70 creatures vanquished.

Vanquished Creatures (others)
  6 plants (D:3)
6 creatures vanquished.

Grand Total: 76 creatures vanquished

Notes
Turn   | Place    | Note
-------+----------+-------------------------------------------
     0 | D:1      | Muataran the Hill Orc Monk began the quest for the Orb.
     0 | D:1      | Reached XP level 1. HP: 19/19 MP: 1/1
   141 | D:1      | Reached XP level 2. HP: 13/27 MP: 2/2
   632 | D:1      | Reached skill level 5 in Axes
   688 | D:1      | Reached XP level 3. HP: 33/33 MP: 3/3
  1263 | D:2      | Reached XP level 4. HP: 19/41 MP: 4/4
  1478 | D:2      | Noticed Terence
  1479 | D:2      | Found a faded altar of an unknown god.
  1524 | D:2      | Killed Terence
  1525 | D:2      | Reached skill level 6 in Axes
  2154 | D:3      | Reached XP level 5. HP: 47/47 MP: 5/5
  2613 | D:3      | HP: 1/47 [orc/+0 flail (6)]
  2617 | D:3      | Slain by an orc

Illustrated notes

Levels and vault maps discovered:
D:1:      evilmike_arrival_home_sweet_home, layout_basic, st_stairs_7
D:2:      minmay_angry_zag, layout_basic, chequers_ecumenical_altar_island,
          uniq_terence
D:3:      layout_basic, nicolae_elyvilon_temple_path, uniq_grinder

Skill      XL: |  1  2  3  4 |
---------------+-------------+-----
Fighting       | 4 |  4.9
Axes           | 5 6 |  6.7
Dodging        | |  2.4
Stealth        | |  1.5

Action                   |  1- 3 |  4- 6 || total
-------------------------+-------+-------++-------
Melee: Hand axe          |   145 |   146 ||   291
       Punch             |       |     1 ||     1
  Use: Potion            |       |     1 ||     1
 Stab: Sleeping          |     6 |     1 ||     7
Armor: Robe              |    21 |     8 ||    29
       Scale mail        |       |    32 ||    32
Dodge: Dodged            |    76 |    76 ||   152

Table legend: (Time is in decaauts)
 A = Elapsed time spent in this place.
 B = Non-inter-level travel time spent in this place.
 C = Inter-level travel time spent in this place.
 D = Time resting spent in this place.
 E = Time spent auto-exploring this place.
 F = Levels seen in this place.
 G = Mean time per level.
                   A        B        C        D        E       F      G
               +--------+--------+--------+--------+--------+-----+--------+
         Total |   2624 |   2592 |     32 |    353 |   1673 |   3 |  874.7 |
       Dungeon |   2624 |   2592 |     32 |    353 |   1673 |   3 |  874.7 |
               +--------+--------+--------+--------+--------+-----+--------+

Top non-repeatable levels by time:
     D:2: 1172 daAuts
     D:1: 841 daAuts
     D:3: 610 daAuts
